 Dungeon Sprint DCSS version 0.21-a0-265-gb353147 (webtiles) character file.

197 Kidiri the Thaumaturge (level 5, -4/30 HPs)
             Began as a Deep Elf Fire Elementalist on Sept 10, 2017.
             Was an Initiate of Vehumet.
             Slain by a fire elemental (12 damage)
             ... summoned by a deep elf mage
             ... in the Dungeon (Sprint III: "The Ten Rune Challenge").
             The game lasted 00:02:35 (430 turns).

Kidiri the Thaumaturge (Deep Elf Fire Elementalist)  Turns: 430, Time: 00:02:35

Health: -4/30      AC:  2    Str:  5    XL:     5   Next: 46%
Magic:  13/21      EV: 14    Int: 21    God:    Vehumet [......]
Gold:   23         SH:  0    Dex: 15    Spells: 6/24 levels left

rFire    . . .     SeeInvis .   s - +0 dagger
rCold    + . .     Gourm    .   (no shield)
rNeg     . . .     Faith    .   a - +0 robe
rPois    .         Spirit   .   (no helmet)
rElec    .         Reflect  .   (no cloak)
rCorr    .         Harm     .   (no gloves)
MR       .....     NoTele   +   (no boots)
Stlth    ++........             (no amulet)
HPRegen  0.10/turn              (no ring)
MPRegen  0.17/turn              (no ring)

@: very slightly contaminated
A: cold resistance 1, high mp 1, wild magic 1
a: Renounce Religion


You were in the Dungeon.
You worshipped Vehumet.
Vehumet was noncommittal.
You were not hungry.

You visited 1 branch You collected 23 gold pieces.

Inventory:

Hand Weapons
 s - a +0 dagger (weapon)
Armour
 a - a +0 robe (worn)
Scrolls
 j - a scroll of identify
 m - 2 scrolls of immolation
 n - 3 scrolls of amnesia
 p - a scroll of remove curse
Potions
 d - a potion of curing
 f - a potion of haste
 g - 2 potions of magic
 h - a potion of berserk rage
 l - 3 potions of mutation
 o - 4 potions of flight
Comestibles
 c - 2 bread rations
 k - 4 chunks of flesh
 q - a royal jelly


   Skills:
 + Level 1.9 Fighting
 + Level 0.0 Short Blades
 + Level 1.9 Armour
 + Level 3.9 Dodging
 - Level 2.4 Stealth
 * Level 10.0 Spellcasting
 + Level 5.6 Conjurations
 + Level 6.5 Fire Magic


You had 6 spell levels left.
You knew the following spells:

 Your Spells              Type           Power        Failure   Level  Hunger
a - Flame Tongue          Conj/Fire      #####        1%          1    None
b - Throw Flame           Conj/Fire      #####.       1%          2    None
c - Conjure Flame         Conj/Fire      #####...     3%          3    None
d - Inner Flame           Hex/Fire       ####....     8%          3    None
e - Sticky Flame          Conj/Fire      #####...     9%          4    ##.....
f - Fireball              Conj/Fire      #####.....   21%         5    ####...


Dungeon Overview and Level Annotations

Branches:
Dungeon (1/1)

Altars:
Elyvilon
Kikubaaqudgha
Sif Muna
Vehumet
Zin
The Shining One


Innate Abilities, Weirdness & Mutations

Your flesh is cold resistant. (rC+)
You have an increased reservoir of magic. (+10% MP)
Your spells are a little harder to cast, but a little more powerful.


Message History

The fire elemental completely resists.
The fireball engulfs the fire elemental.
The fire elemental completely resists.
The fireball engulfs the deep elf mage.
The deep elf mage is heavily wounded.
Unknown command.
Casting: Fireball
Confirm with . or Enter, or press ? or * to list all spells.
Okay, then.
You aren't carrying any items that you can evoke.
Unknown command.
You feel much better. The fire elemental hits you.
The fire elemental burns you!
Unknown command.
The fire elemental misses you. The fire elemental barely misses you.
Unknown command.
The fire elemental hits you. The fire elemental burns you!
* * * LOW HITPOINT WARNING * * *
Unknown command.
The fire elemental hits you. The fire elemental burns you!
You die...

▓▓▓▓▓▓ ▓▓▓ .#...####
##.#####
.#......#####..#§__#
##.......#..#..#!§.#
.##.##...#..#..###e#+###+#
.##.###..##+#..#..........
####.##..###...'@§........
##..##..####...#EE.######+
....##[.###....#§§§#
#..##...##.....#.§.#
..##....#......#+###
.###..##.#.....#.).# .#
#..#####....#___# ▓▓ ▓▓▓▓
▓▓▓▓▓▓▓▓▓▓


You could see a deep elf mage and 2 fire elementals.

Vanquished Creatures
  A water elemental (D)
  A scorpion (D)
  Jessica (D)
  A wizard (D)
  A human (D)
  A kobold demonologist (D)
  An ooze (D)
  2 rats (D)
9 creatures vanquished.

Vanquished Creatures (others)
  2 draconian scorchers (D)
  6 hellions (D)
  A yaktaur (D)
9 creatures vanquished.

Grand Total: 18 creatures vanquished

Notes
Turn   | Place    | Note
-------+----------+-------------------------------------------
     0 | D        | Kidiri the Deep Elf Fire Elementalist began the quest for the Orb.
     0 | D        | Reached XP level 1. HP: 10/10 MP: 6/6
     9 | D        | Reached skill level 4 in Spellcasting
    16 | D        | Killed a yaktaur
    96 | D        | Killed a hellion
   100 | D        | Killed a hellion
   117 | D        | Killed a hellion
   118 | D        | Noticed Jessica
   121 | D        | Killed Jessica
   121 | D        | Reached skill level 6 in Spellcasting
   121 | D        | Reached XP level 2. HP: 15/15 MP: 5/11
   121 | D        | Reached XP level 3. HP: 19/19 MP: 5/13
   122 | D        | Killed a hellion
   125 | D        | Learned a level 2 spell: Throw Flame
   129 | D        | Learned a level 3 spell: Conjure Flame
   133 | D        | Learned a level 3 spell: Inner Flame
   157 | D        | Killed a hellion
   182 | D        | Noticed a scorpion
   189 | D        | Killed a white draconian scorcher
   192 | D        | Killed a scorpion
   192 | D        | Reached skill level 7 in Spellcasting
   192 | D        | Reached skill level 5 in Fire Magic
   192 | D        | Reached skill level 8 in Spellcasting
   192 | D        | Reached XP level 4. HP: 24/24 MP: 3/16
   196 | D        | Killed a white draconian scorcher
   199 | D        | Learned a level 4 spell: Sticky Flame
   206 | D        | Killed a hellion
   296 | D        | Gained mutation: Your spells are a little harder to cast, but a little more powerful. [potion of mutation]
   296 | D        | Gained mutation: You have an increased reservoir of magic. (+10% MP) [potion of mutation]
   296 | D        | Gained mutation: Your flesh is cold resistant. (rC+) [potion of mutation]
   306 | D        | Noticed a water elemental
   310 | D        | Killed a water elemental
   310 | D        | Reached skill level 1 in Fighting
   310 | D        | Reached skill level 1 in Armour
   310 | D        | Reached skill level 9 in Spellcasting
   310 | D        | Reached skill level 5 in Conjurations
   310 | D        | Reached XP level 5. HP: 29/29 MP: 13/20
   318 | D        | Learned a level 5 spell: Fireball
   350 | D        | Found a radiant altar of Vehumet.
   351 | D        | Found a deep blue altar of Sif Muna.
   351 | D        | Found an ancient bone altar of Kikubaaqudgha.
   355 | D        | Reached skill level 10 in Spellcasting
   369 | D        | Became a worshipper of Vehumet
   416 | D        | Found a glowing silver altar of Zin.
   417 | D        | Found a glowing golden altar of the Shining One.
   417 | D        | Found a white marble altar of Elyvilon.
   417 | D        | Noticed a deep elf mage
   421 | D        | Noticed a fire elemental
   421 | D        | Noticed a fire elemental
   430 | D        | Slain by a fire elemental

Vault maps used:
D:        dungeon_sprint_mu

Skill      XL: |  1  2  3  4  5 |
---------------+----------------+-----
Spellcasting   | 6 8 9 10 | 10.0
Conjurations   | 3 4 5 |  5.6
Fire Magic     | 4 5 6 |  6.5
Fighting       | 1 |  1.9
Armour         | 1 |  1.9
Dodging        | 3 |  3.9
Stealth        | |  2.4

Action                   |  1- 3 |  4- 6 || total
-------------------------+-------+-------++-------
Melee: Dagger            |       |     1 ||     1
 Cast: Flame Tongue      |    15 |     4 ||    19
       Conjure Flame     |     1 |     1 ||     2
       Inner Flame       |     1 |       ||     1
       Sticky Flame      |       |     2 ||     2
       Fireball          |       |     1 ||     1
  Use: Scroll            |       |     4 ||     4
       Potion            |       |     2 ||     2
 Stab: Sleeping          |       |     1 ||     1
Armor: Robe              |       |     4 ||     4
Dodge: Dodged            |     3 |     5 ||     8

Table legend:
 A = Spawn XP
 B = Non-spawn XP
 C = Spawn XP percentage of total XP
 D = Spawn monster count
 E = Non-spawn monster count
 F = Spawn count percentage of total count
 G = Total turns spent on level
                    A         B        C        D         E        F      G
               +---------+---------+-------+---------+---------+-------+---------
         Total |       0 |     282 |   0.0 |       0 |       9 |   0.0 |   430
               +---------+---------+-------+---------+---------+-------+---------
             D |       0 |     282 |   0.0 |       0 |       9 |   0.0 |   430
               +---------+---------+-------+---------+---------+-------+---------
